 Dungeon Crawl Stone Soup version 0.26-a0-652-gafc20e3620 (webtiles) character file.

Game seed: 7438430987959274136

21 Kraken2834 the Chopper (level 2, 0/27 HPs)
             Began as a Deep Dwarf Monk on Oct 2, 2020.
             Slain by a jackal (1 damage)
             ... on level 2 of the Dungeon.
             The game lasted 00:03:01 (437 turns).

Kraken2834 the Chopper (Deep Dwarf Monk)             Turns: 437, Time: 00:03:01

Health: 0/27       AC:  2    Str: 14    XL:     2   Next: 65%
Magic:  1/1        EV: 14    Int: 10    God:
Gold:   9          SH:  0    Dex: 15    Spells: 1/1 levels left

rFire    . . .     SeeInvis .   a - +0 hand axe
rCold    . . .     Faith    .   (no shield)
rNeg     . . .     Spirit   .   b - +0 robe
rPois    .         Reflect  .   (no helmet)
rElec    .         Harm     .   (no cloak)
rCorr    .         Rampage  .   (no gloves)
MR       .....                  (no boots)
Stlth    ++........             e - amulet of regeneration
HPRegen  0.00/turn              (no ring)
MPRegen  0.07/turn              (no ring)

@: non-regenerating
A: damage resistance, heal wounds, sense surroundings 1, no regeneration
a: Heal Wounds


You were on level 2 of the Dungeon.
You visited 1 branch of the dungeon, and saw 2 of its levels.

You collected 9 gold pieces.

Inventory:

Hand Weapons
 a - a +0 hand axe (weapon)
Armour
 b - a +0 robe (worn)
Jewellery
 e - an amulet of regeneration (around neck)
Scrolls
 c - 2 scrolls of identify {unknown}
 f - 2 scrolls of amnesia {unknown}
Potions
 d - a potion of degeneration {unknown}


   Skills:
 + Level 2.8 Fighting
 + Level 3.8 Axes
 + Level 3.8 Dodging
 + Level 2.4 Stealth


You had one spell level left.
You didn't know any spells.
Your spell library was empty.

Dungeon Overview and Level Annotations

Branches:
Dungeon (2/15)

Altars:


Innate Abilities, Weirdness & Mutations

You are resistant to damage.
You can heal yourself by infusing magical energy.
You passively map a small area around you.
You do not regenerate.


Message History

The jackal barely misses you. The jackal bites you.
The jackal closely misses you. The jackal closely misses you.
The jackal bites you but does no damage.
The jackal bites you but does no damage.
The jackal closely misses you. The jackal barely misses you.
The jackal barely misses you. The jackal misses you.
The jackal bites you but does no damage.
The jackal closely misses you. The jackal bites you.
The jackal bites you but does no damage.
The jackal closely misses you. The jackal misses you.
The jackal barely misses you. The jackal bites you.
* * * LOW HITPOINT WARNING * * *
The jackal bites you.
The jackal bites you but does no damage.
The jackal bites you.
You die...

#.........# ,
* #.#.#...#.#
, * #.#.###.#
* , , # #.#
#.#,* #.# #.#,
, , * * #h#
#.# , ,#h# #.#
* , *,#h# #.#
#@# #.# , *
#.# #.# , *
####.#.###.# ,
,,
............#
,, ,
.####.#.#####,
, #.#<.,,, * #
###,** ,* ,, ,
* , , ,*, ,


You could see 3 jackals.

Vanquished Creatures
  A dart slug (D:1)
  2 ball pythons (D:1)
  A giant cockroach (D:1)
  4 goblins (D:1)
  3 hobgoblins (D:1)
  A jackal (D:1)
  A bat (D:1)
  2 frilled lizards (D:1)
  2 kobolds (D:1)
17 creatures vanquished.

Notes
Turn   | Place    | Note
-------+----------+-------------------------------------------
     0 | D:1      | Kraken2834 the Deep Dwarf Monk began the quest for the Orb.
     0 | D:1      | Reached XP level 1. HP: 20/20 MP: 1/1
   114 | D:1      | Reached XP level 2. HP: 25/27 MP: 2/2
   435 | D:2      | HP: 1/27 [jackal (2)]
   437 | D:2      | Slain by a jackal

Illustrated notes

Levels and vault maps discovered:
D:1:      lemuel_arrival_broad_hall, layout_rooms
D:2:      layout_basic, chequers_hall_statues_wall_a, uniq_natasha

Action                   || total
-------------------------++-------
Melee: Hand axe          ||    46
 Abil: Heal Wounds       ||     1
Armor: Robe              ||    33
Dodge: Dodged            ||   206

Table legend: (Time is in decaauts)
 A = Elapsed time spent in this place.
 B = Non-inter-level travel time spent in this place.
 C = Inter-level travel time spent in this place.
 D = Time resting spent in this place.
 E = Time spent auto-exploring this place.
 F = Levels seen in this place.
 G = Mean time per level.
                   A        B        C        D        E       F      G
               +--------+--------+--------+--------+--------+-----+--------+
         Total |    442 |    442 |      0 |      0 |     59 |   2 |  221.0 |
       Dungeon |    442 |    442 |      0 |      0 |     59 |   2 |  221.0 |
               +--------+--------+--------+--------+--------+-----+--------+

Top non-repeatable levels by time:
     D:1: 255 daAuts
     D:2: 187 daAuts
